Map: Überwucherte Anlage

Players

Oda

  • Race: Zerg Zerg
  • League: Platinum
  • Spawn Location: 9:00

RatFart

  • Race: Terran Terran
  • League: Platinum
  • Spawn Location: 7:00

JohnnyArogun

  • Race: Terran Terran
  • Spawn Location: 3:00

TickTack

  • Race: Zerg Zerg
  • Spawn Location: 1:00

VOD

Have the link to the VOD?

Description

Time

  • Played on: May 21, 2019, 3:47 p.m.
  • Length: 7:49
Show
View Real Time Build Order
Export as new Build Order

Oda Zerg 

Build Orders: Hatch First, Roach Nydus 

Get SALT Encoding   

  12  0:06  Drone  
  13  0:12  Drone  
  14  0:22  Overlord  
  14  0:40  Drone x2  
  14  0:41  Drone  
  17  0:59  Hatchery  
  17  1:01  Drone  
  17  1:02  Drone  
  18  1:06  Extractor  
  17  1:13  Drone  
  18  1:25  Spawning Pool  
  17  1:26  Drone  
  18  2:02  Drone x2  
  20  2:13  Queen  
  22  2:15  Queen  
  24  2:24  Zergling x2  
  24  2:25  Zergling x6  
  24  2:26  Overlord  
  24  2:28  Metabolic Boost  
  28  2:45  Spine Crawler  
  27  2:56  Extractor, Drone x2  
  28  2:59  Drone x2  
  28  3:01  Drone x2  
  32  3:08  Drone  
  32  3:11  Overlord  
  33  3:25  Lair  
  33  3:28  Drone x3  
  33  3:30  Drone  
  37  3:42  Roach Warren  
  36  3:49  Overlord  
  36  4:20  Queen  
  36  4:23  Roach x4  
  36  4:24  Roach x3  
  52  4:25  Overlord  
  52  4:34  Nydus Network  
  51  4:40  Drone  
  51  4:42  Overlord  
  52  4:56  Roach x2  
  53  5:17  Roach x5  
  60  5:28  Roach  
  60  5:29  Roach x3  
  60  5:35  Overlord x3  
  68  5:47  Nydus Canal  
  68  5:50  Overseer  
  68  5:59  Roach x3  
  68  6:00  Roach  
  76  6:10  Roach x3  
  82  6:15  Roach x2  
  86  6:21  Roach  
  88  6:29  Roach x2  
  92  6:36  Overlord x3  
  92  6:57  Roach  
  92  6:58  Roach x4  
  92  6:59  Roach  
  104  7:15  Roach x4  
  112  7:25  Nydus Canal  
  116  7:44  Nydus Canal  
Show
View Real Time Build Order
Export as new Build Order

RatFart Terran 

Build Orders: 1/1/1 

Get SALT Encoding   

  12  0:01  SCV  
  13  0:21  Supply Depot  
  13  0:25  SCV  
  14  0:34  Refinery  
  14  0:38  SCV  
  15  0:43  Refinery  
  15  0:52  Barracks  
  15  0:55  SCV  
  16  1:08  SCV  
  17  1:20  SCV  
  18  1:33  SCV  
  18  1:39  Supply Depot  
  19  1:41  Factory  
  19  1:47  SCV  
  19  1:50  Barracks Reactor  
  20  2:10  Orbital Command  
  20  2:25  Factory Tech Lab  
  20  2:27  Starport, Marine x2  
  22  2:38  SCV  
  23  2:45  Marine x2  
  23  2:49  Siege Tank  
  28  3:02  Marine  
  28  3:03  Supply Depot, Marine  
  30  3:15  Supply Depot  
  30  3:25  Medivac, Siege Tank  
  35  3:27  Marine  
  35  3:30  Marine  
  37  3:45  Marine  
  37  3:48  Marine  
  38  3:54  SCV  
  38  3:55  Medivac  
  42  3:57  Siege Tank  
  42  4:01  Supply Depot  
  45  4:06  Marine x2  
  47  4:25  Medivac  
  49  4:32  Marine x2  
  49  4:34  Siege Tank  
  54  4:39  Supply Depot  
  54  4:48  Barracks  
  54  4:49  Marine  
  55  5:10  Marine  
  55  5:11  Marine  
  57  5:28  Marine x2  
  59  5:42  Medivac  
  61  5:46  Marine x2  
  57  6:04  Marine  
  58  6:11  Barracks Tech Lab  
  58  6:12  Medivac  
  58  6:13  Marine  
  61  6:22  Marine  
  62  6:31  Marine  
  63  6:44  Supply Depot  
  63  6:45  Supply Depot  
  63  7:05  Medivac, Marine x2  
  63  7:06  Siege Tank  
  57  7:23  Marine x2  
Show
View Real Time Build Order
Export as new Build Order

JohnnyArogun Terran 

Build Orders: Hellion Banshee 

Get SALT Encoding   

  12  0:01  SCV  
  13  0:13  SCV  
  14  0:19  Supply Depot  
  14  0:25  SCV  
  15  0:40  SCV  
  15  0:42  Barracks  
  16  0:52  SCV  
  16  0:53  Refinery  
  17  1:05  SCV  
  18  1:17  SCV  
  19  1:31  Marine  
  20  1:39  Orbital Command  
  20  1:41  Command Center  
  20  1:52  Supply Depot  
  20  2:06  SCV  
  20  2:08  Factory  
  21  2:11  Refinery  
  21  2:20  SCV  
  21  2:21  Barracks Reactor  
  22  2:32  SCV  
  23  2:44  SCV  
  24  2:52  Starport  
  24  3:01  SCV  
  24  3:03  Barracks Tech Lab, Orbital Command  
  25  3:08  Hellion x2  
  29  3:13  Supply Depot  
  29  3:14  SCV  
  30  3:28  SCV x2  
  32  3:35  Cloaking Field  
  32  3:36  Banshee  
  32  3:40  SCV  
  32  3:41  SCV  
  37  3:48  Supply Depot  
  37  3:50  Hellion x2  
  41  3:56  Armory  
  41  3:57  SCV  
  41  3:58  SCV  
  43  4:09  SCV  
  44  4:10  SCV  
  44  4:11  Supply Depot  
  44  4:15  Hellion x2  
  49  4:21  Banshee  
  52  4:32  SCV x2  
  54  4:44  Command Center, SCV x2  
  56  4:58  Engineering Bay  
  56  4:59  Engineering Bay  
  56  5:01  Supply Depot  
  52  5:30  Marine  
  45  5:37  SCV  
  45  5:38  SCV  
  45  5:41  Hellbat x2  
  51  5:42  Banshee  
  51  5:48  Marine  
  55  5:56  Orbital Command  
  55  6:00  SCV x2  
  48  6:12  Hellbat x2, SCV  
  39  6:52  SCV  
  40  7:05  Supply Depot  
  38  7:11  SCV  
Show
View Real Time Build Order
Export as new Build Order

TickTack Zerg 

Build Orders: Pool First 

Get SALT Encoding   

  12  0:01  Drone  
  13  0:13  Overlord  
  13  0:20  Drone  
  14  0:35  Spawning Pool  
  13  0:39  Drone  
  14  0:47  Drone  
  14  0:48  Drone  
  16  0:55  Drone  
  17  1:00  Extractor  
  16  1:05  Drone  
  17  1:16  Drone  
  18  1:26  Spine Crawler  
  18  1:32  Drone  
  18  1:39  Spine Crawler  
  18  1:46  Queen  
  21  1:55  Spine Crawler  
  20  2:02  Drone x2  
  23  2:25  Overlord x2  
  23  2:33  Hatchery  
  23  2:34  Metabolic Boost  
  22  2:42  Queen  
  24  2:45  Drone  
  24  2:46  Extractor, Drone  
  25  2:58  Zergling x8  
  29  3:00  Spore Crawler  
  28  3:12  Drone  
  29  3:34  Drone  
  29  3:35  Drone x4  
  34  3:45  Overlord  
  34  3:50  Zergling x2  
  35  4:01  Zergling x2  
  35  4:02  Zergling x8  
  40  4:11  Drone x2  
  42  4:51  Drone  
  42  4:52  Drone x3  
  37  5:21  Drone  
  37  5:22  Drone x11  
  48  5:33  Queen  
  48  5:35  Queen  
  50  5:37  Overlord  
  50  5:38  Overlord x2  
  52  5:44  Spore Crawler, Hatchery  
  52  5:45  Extractor  
  49  5:53  Roach Warren  
  49  5:55  Zergling x2  
  49  5:56  Zergling x8  
  51  6:34  Extractor  
  50  6:40  Queen  
  50  6:43  Roach  
  50  6:44  Roach x8  
  70  6:50  Drone x2  
  65  7:22  Roach  
  63  7:23  Roach x10  
Tags
 
Add a new tag
Caveats
  • Supply blocks, unpowered buildings, or Contaminate may cause inaccurate times.
  • Supply counts are checked every 10 seconds.